[Event "3rd Sharjah Challengers 2023"]
[Site "Sharjah"]
[Date "2023.05.18"]
[Round "2.2"]
[White "Rios, Cristhian Camilo"]
[Black "Farahat, Ali"]
[Result "1-0"]
[ECO "D85"]
[WhiteElo "2469"]
[BlackElo "2361"]
[Annotator "TA"]
[PlyCount "63"]
[EventDate "2023.05.16"]
[EventType "swiss"]
[EventCountry "UAE"]
[SourceTitle "playchess.com"]
[Source "ChessBase"]
[SourceQuality "1"]
[TimeControl "5400+30"]

1. d4 Nf6 2. c4 g6 3. Nc3 d5 4. cxd5 Nxd5 5. e4 Nxc3 6. bxc3 Bg7 7. Nf3 c5 8. h3 Nc6 9. Be3 O-O 10. Be2 (10. dxc5 Bxc3+ 11. Bd2 Bxa1 12. Qxa1 e5 $19) 10... f5 {[%emt 0:03:53] D85: Exchange Grünfeld: Unusual White 7th moves and lines with 7 Nf3.} 11. Bc4+ ({Don't play} 11. dxc5 Bxc3+ 12. Bd2 Bxa1 13. Qxa1 Be6 $17) 11... Kh8 $1 12. O-O cxd4 {[%emt 0:05:55] The position is equal.} 13. cxd4 f4 14. Bd2 {[%emt 0:01:49] aiming for Bc3.} Nxd4 15. Bc3 e5 {[%emt 0:10:42] [#]} (15... Nxf3+ $11 {remains equal.} 16. Qxf3 Bd7) 16. Bb4 $146 ({Predecessor:} 16. Bxd4 exd4 17. Bd5 Rb8 18. Rc1 Qb6 19. Rb1 Qc5 20. Qd3 Qc3 21. Qb5 b6 22. Rfc1 Qa3 23. Rc7 Qa6 24. Qb4 b5 25. Rxg7 Qf6 26. Rxa7 {1-0 Quintiliano Pinto,R (2469)-Zubov,A (2598) Speed Chess GP2 blitz 2021 (9)}) 16... Nxf3+ 17. Qxf3 {[%emt 0:00:12] And now Rfd1 would win.} Rf6 18. Rfd1 $1 {[%emt 0:06:09] White is more active.} Qe8 {[%emt 0:03:31] [#]} (18... Qc7 $16 {is a better defense.}) 19. Bb5 $1 $18 {[%emt 0:04:38][%mdl 576] Deflection} Qg8 {[%emt 0:11:42] [#]} (19... Qxb5 $2 20. Rd8+ $18) 20. Be7 $1 {[%emt 0:01:41] Black must now prevent Rd8.} Be6 21. Bxf6 Bxf6 22. a4 Qf7 23. Qd3 Rd8 24. Qa3 a6 25. Be2 {[%emt 0:00:47] Hoping for Rxd8+.} Kg7 $2 (25... Re8 26. Qb2 Kg7) 26. Rxd8 Bxd8 27. Qc5 {[%emt 0:00:11] Threatens to win with Rb1.} Kh6 (27... Qc7 $142 28. Qxc7+ Bxc7) 28. Rb1 ({Less strong is} 28. Qxe5 Bf6 29. Qxf4+ g5 $18) 28... Bf6 29. Qd6 {[%emt 0:02:33] White is clearly winning.} Bg7 30. Rb6 f3 31. Bxf3 (31. Qxe6 $2 {too greedy.} Qxe6 32. Rb2 fxe2 $19) 31... Bxh3 32. Qd2+ $2 {[%emt 0:00:18] White took control after the opening.   Weighted Error Value: White=0.11 (very precise) /Black=0.58} (32. Rxb7 Qf6 33. Qd2+ Qf4 34. Qxf4+ exf4 35. gxh3) 1-0

[Event "3rd Sharjah Challengers 2023"]
[Site "Sharjah"]
[Date "2023.05.18"]
[Round "2.3"]
[White "Nigmatov, Ortik"]
[Black "Mkrtchyan, Mariam"]
[Result "1-0"]
[ECO "C50"]
[WhiteElo "2438"]
[BlackElo "2360"]
[Annotator "TA"]
[PlyCount "79"]
[EventDate "2023.05.16"]
[EventType "swiss"]
[EventCountry "UAE"]
[SourceTitle "playchess.com"]
[Source "ChessBase"]
[SourceQuality "1"]
[TimeControl "5400+30"]

1. e4 e5 2. Nf3 Nc6 3. Bc4 Bc5 4. d3 Nf6 5. Nc3 d6 6. Na4 Bb6 {[%emt 0:01:18] C50: Hungarian Defence and Giuoco Pianissimo.} 7. a3 h6 8. h3 Be6 {[%emt 0:03:30] The position is equal.} 9. Bxe6 fxe6 10. b4 {[%emt 0:01:38] [#]} Ne7 $146 ({Predecessor:} 10... O-O 11. O-O Qe8 12. c4 Nd4 13. Nxb6 Nxf3+ 14. Qxf3 axb6 15. Qe2 Qg6 16. Ra2 Nh5 {1-0 Nepomniachtchi,I (2792)-Caruana,F (2820) Paris GCT Blitz 2021 (2)}) 11. O-O c6 12. Nxb6 axb6 13. a4 O-O 14. Be3 Ng6 15. c4 d5 16. Qe2 d4 17. Bd2 Nd7 18. g3 Rf7 19. Nh2 (19. Kg2 {is interesting.} Qe7 20. Nh2 Rff8 21. h4) 19... Qe7 20. h4 Nf6 21. Kh1 Raf8 22. h5 Nh8 23. f4 Qe8 24. Ng4 Nxg4 25. Qxg4 Rf6 26. Rg1 Nf7 27. a5 b5 (27... bxa5 $14 28. Rxa5 Kh7) 28. cxb5 $16 {[%emt 0:02:19] White has more active pieces.} cxb5 (28... c5 $16) 29. Rac1 $36 {[%emt 0:00:09][%mdl 2048] [#] Rc7 is the strong threat. White has strong initiative.} Qd7 {[%emt 0:02:16] Inhibits Rc7.} (29... Nd8 $16 30. fxe5 (30. Rc7 R6f7 $16) 30... R6f7 31. Bxh6 Nc6) 30. Rc5 Rc8 31. Rgc1 (31. fxe5 Rf2 32. Rxc8+ Qxc8 $11) 31... Rxc5 32. Rxc5 Kh8 33. Kg2 (33. fxe5 Rf2 34. Bf4 Kh7 $14) 33... exf4 (33... Qd6 34. Kg1 (34. Rxb5 Qa6 $11) 34... exf4) 34. Bxf4 {[%emt 0:01:41] [#] Strongly threatening Rc7.} Qe8 35. Rc7 {[%emt 0:01:50][%cal Of4e5] Be5! would be deadly.} Qf8 36. Kh3 {[%emt 0:03:18] And now e5 would win.} (36. Rxb7 e5 $14) 36... Ng5+ $2 (36... Kg8 37. Kg2 (37. Rxb7 e5 $14) 37... Kh8) 37. Bxg5 {[%emt 0:00:22] White is clearly winning.} hxg5 38. Qxg5 (38. Rxb7 Qc8 39. Rxb5 Qc2 $11) 38... Rh6 39. Kg4 {[%emt 0:01:10] Hoping for Qe5.} (39. Qxb5 Qf1+ 40. Kh4 Qh1+ 41. Kg4 Qd1+ 42. Kh4 Qh1+ 43. Kg4 Qd1+ 44. Kh4 Qh1+ $11) 39... Rf6 40. Qc5 {[%emt 0:00:16] Weighted Error Value: White=0.10 (very precise) /Black=0.42} ({And not} 40. Rxb7 Rf1 41. Kh4 (41. Rxb5 $2 {leads to mate.} Qf3+ 42. Kh4 Rh1#) 41... Rh1+ 42. Kg4 Rf1 $11) 1-0

[Event "3rd Sharjah Challengers 2023"]
[Site "Sharjah"]
[Date "2023.05.18"]
[Round "2.4"]
[White "Tissir, Mohamed"]
[Black "Vandenbussche, Thibaut"]
[Result "0-1"]
[ECO "D30"]
[WhiteElo "2354"]
[BlackElo "2437"]
[Annotator "TA"]
[PlyCount "96"]
[EventDate "2023.05.16"]
[EventType "swiss"]
[EventCountry "UAE"]
[SourceTitle "playchess.com"]
[Source "ChessBase"]
[SourceQuality "1"]
[TimeControl "5400+30"]

1. d4 Nf6 2. Nf3 e6 3. c4 d5 4. e3 Be7 5. a3 b6 6. cxd5 {[%emt 0:00:12] D30: Queen's Gambit Declined: Systems without Nc3.} exd5 7. b4 O-O 8. Nc3 {[%emt 0:03:10] The position is equal.} c5 9. bxc5 bxc5 10. dxc5 Bxc5 11. Be2 Nc6 12. O-O Be6 {[%emt 0:00:53] [#]} 13. Bb2 $146 ({Predecessor:} 13. Qc2 Na5 14. Rb1 Nc4 15. Bd3 Nxa3 16. Bxa3 Bxa3 17. Ng5 h6 18. Qa4 Bc5 19. Nxe6 fxe6 {½-½ Martys,M (2222)-Mueller Alves,M (2136) LSS SM-2008-0-00013}) 13... Be7 14. Rc1 Rb8 15. Nb5 Qd7 16. Ne5 Nxe5 17. Bxe5 Rb7 ({Less strong is} 17... Rxb5 18. Rc7 $16) 18. a4 Ne4 19. Nd4 {[%emt 0:02:49] Black must now prevent Bb5.} Ba3 20. Rc6 Bd6 21. Bxd6 Nxd6 22. Qc2 {[%emt 0:08:17] With the idea Ba6.} (22. Qa1 $5) 22... Nf5 {[%emt 0:04:32] [#]} (22... Nc4 $11) 23. Nxf5 ({White should play} 23. Nxe6 $1 $16 fxe6 24. Ba6) 23... Bxf5 $14 24. Qc5 Rd8 25. Rc1 (25. Rd1 $16) 25... h6 26. Bb5 (26. h3 $14) 26... Qe7 (26... d4 $1 $11 {might be stronger.}) 27. Qd4 (27. Qxe7 {simplifies} Rxe7 28. Kf1 Kf8 29. Rc7) 27... Be4 28. f3 Bf5 29. R6c5 Be6 30. Qe5 Qd6 31. Qd4 (31. Qxd6 {simplifies} Rxd6 32. Rc7 Rdb6 33. Rxb7 Rxb7 34. Kf2) 31... Qe7 32. Ba6 Rb6 33. Rc7 Qd6 34. Bf1 a6 35. a5 Rb4 36. Qd2 (36. R7c6 $14 Qb8 37. Qc3) 36... d4 $11 37. R7c6 Qe7 38. exd4 Rbxd4 39. Qe3 Qb4 40. Rxa6 Rd1 41. Rxd1 Rxd1 42. Ra8+ $2 {[%emt 0:00:48][%mdl 8192] [#]} (42. Rxe6 $1 $11 {and White stays safe.} fxe6 43. Qxe6+ Kf8 44. Qf5+ Kg8 45. Qe6+ Kf8 46. Qf5+ Ke7 47. Qe5+ Kd8 48. Kf2) 42... Kh7 $19 {[%emt 0:00:02] Hoping for ...Bc4.} 43. g4 $2 (43. h4 Bf5 44. Re8) 43... Bc4 44. Qe4+ g6 {[%emt 0:00:02] Black mates.} 45. Qe5 Rxf1+ 46. Kg2 Qd2+ 47. Kg3 Rg1+ 48. Kh4 Qf2+ {[%emt 0:00:09] Excellently played by Vandenbussche!   Weighted Error Value: White=0.42/Black=0.12 (very precise)} 0-1

[Event "3rd Sharjah Challengers 2023"]
[Site "Sharjah"]
[Date "2023.05.18"]
[Round "2.5"]
[White "Saydaliev, Saidakbar"]
[Black "Mammadova, Gulnar"]
[Result "0-1"]
[ECO "B07"]
[WhiteElo "2434"]
[BlackElo "2349"]
[Annotator "TA"]
[PlyCount "46"]
[EventDate "2023.05.16"]
[EventType "swiss"]
[EventCountry "UAE"]
[SourceTitle "playchess.com"]
[Source "ChessBase"]
[SourceQuality "1"]
[TimeControl "5400+30"]

1. e4 d6 2. d4 Nf6 3. Nc3 e5 4. Be3 Be7 5. h3 O-O 6. g4 {[%emt 0:00:30] [#] B07: Pirc Defence: Miscellaneous Systems.} h6 $146 ({Predecessor:} 6... c6 7. Nge2 b5 8. a3 a5 9. Bg2 Ba6 10. O-O b4 11. axb4 axb4 12. Na4 h6 {0-1 Plotnikov,P (2297)-Valdes Romero,L (2402) Titled Tuesday intern op 15th June blitz 2021 (4)}) 7. Nge2 exd4 8. Nxd4 {[%emt 0:00:30] White has an edge.} d5 $1 9. e5 c5 10. exf6 Bxf6 {[%emt 0:00:30] [#]} 11. Bg2 $1 cxd4 12. Bxd4 Re8+ 13. Kf1 Bxd4 14. Qxd4 Be6 15. Rd1 Nc6 16. Qf4 Qb6 (16... Ne7 {simplifies} 17. Nb5 Rf8 18. Qd6 Qxd6 19. Nxd6 b5) 17. b3 {[%emt 0:01:00] [#]} (17. Nxd5 $11 {remains equal.} Qxb2 18. Be4) 17... Nb4 (17... d4 $1 $17 18. Na4 Qa5) 18. Nxd5 $11 Rad8 19. c4 Nxa2 20. Rd3 (20. Nxb6 $2 {is a self mate.} Rxd1+ 21. Ke2 Bxg4#) 20... Qa5 $40 {[%emt 0:00:30][%mdl 128] Black has some attack.} 21. Qd2 {[%emt 0:00:30] Inhibits Nb4.} Nb4 22. Nxb4 $2 (22. Bf3 $11) 22... Rxd3 $19 23. Qxd3 Bxc4 {[%emt 0:00:30] Weighted Error Value: White=0.53/Black=0.08 (flawless)} ({And not} 23... Qxb4 24. Bf3 $11) 0-1

[Event "3rd Sharjah Challengers 2023"]
[Site "Sharjah"]
[Date "2023.05.18"]
[Round "2.6"]
[White "Zawadzka, Jolanta"]
[Black "Haznedaroglu, Kivanc"]
[Result "1/2-1/2"]
[ECO "B03"]
[WhiteElo "2348"]
[BlackElo "2418"]
[Annotator "TA"]
[PlyCount "144"]
[EventDate "2023.05.16"]
[EventType "swiss"]
[EventCountry "UAE"]
[SourceTitle "playchess.com"]
[Source "ChessBase"]
[SourceQuality "1"]
[TimeControl "5400+30"]

1. e4 Nf6 2. e5 Nd5 3. d4 d6 4. c4 Nb6 5. exd6 exd6 6. Nc3 Be7 7. Bd3 O-O {[%emt 0:00:12] The modern move.} 8. Nge2 Nc6 9. b3 {[%emt 0:01:57] B03: Alekhine's Defence: Four Pawns Attack.} Bg4 10. Be3 Bf6 11. f3 {[%emt 0:10:23] White is slightly better.} Bh5 12. O-O Re8 13. Qd2 Bg6 14. Be4 {[%emt 0:04:05] [#]} Qc8 $146 ({Predecessor:} 14... Rb8 15. Rae1 Ne7 16. d5 Ra8 17. Bxg6 Nxg6 18. Ne4 Be7 19. N2g3 Bf8 20. Bd4 Nd7 21. f4 c6 22. Nf5 cxd5 23. cxd5 Qc7 24. h4 Nc5 25. Nh6+ {1-0 Akopian,V (2650)-Aronyak,G (2332) Abu Dhabi op 26th 2019 (8)}) 15. Rad1 Nd7 16. g4 Be7 17. Ng3 Nf6 18. Bf5 Bxf5 19. Nxf5 Bf8 20. Bg5 Nd7 21. d5 ({Better is} 21. Rde1 $16) 21... Nce5 22. h3 Nc5 23. Nd4 Qd7 24. Bh4 Be7 25. Bg3 (25. Bxe7 $16 {[%cal Oe7f6] And now Bf6! would win.} Qxe7 26. f4) 25... Bf6 $14 26. Qc2 {[%emt 0:00:20] Inhibits Ned3.} a5 27. a3 (27. Ncb5 $14) 27... a4 {[%emt 0:17:25] ...axb3 is the strong threat.} (27... h5 $5 ) 28. b4 Nxc4 (28... Nb3 {simplifies} 29. Nxb3 axb3 30. Qxb3 Ng6) 29. bxc5 {[%emt 0:01:09] Threatens to win with Nf5.} Ne3 {[%emt 0:01:02] Repels Nf5} 30. Qd3 {[%emt 0:01:08][%cal Oc5d6] Hoping for cxd6!} dxc5 31. Nf5 c4 (31... Nxd1 $11 {keeps the balance.} 32. Ne4 Bd4+ 33. Nxd4 Qxd5 {[%mdl 64] Pin} 34. Rxd1 cxd4) 32. Qd2 $16 Nxf5 33. gxf5 Be5 34. Bxe5 Rxe5 35. d6 (35. Rb1 $142 $1) 35... cxd6 36. Qxd6 (36. f4 {simplifies} Rxf5 37. Qxd6 Qxd6 38. Rxd6 Rb8 39. Nd5) 36... Qxf5 37. Rd4 Rae8 38. Rg4 {[%emt 0:05:38] Repels Qg5} h5 39. Rg2 {[%emt 0:00:08] Black should prevent Ne4.} R8e6 (39... Qxh3 40. Ne4 R5e6 41. Qd5 $16 (41. Qd4 g6 $16)) (39... Re1 $11 40. Rxe1 (40. Nxa4 Rxf1+ 41. Kh2 Rxf3 42. Qd2 Rfe3 43. Kg1 Qxh3) 40... Rxe1+ 41. Kf2 (41. Kh2 Qxf3 42. Qb8+ Kh7 $15) 41... Rc1) 40. Qd4 {[%emt 0:00:25] Black must now prevent f4.} Rg6 ({Black should play} 40... g6 $1 $14) 41. Ne4 (41. Nxa4 Re2 42. Rff2 (42. Qd8+ Kh7) 42... Qb1+ 43. Kh2 Re1 44. Qd8+ (44. Qxc4 $2 Rh1#) 44... Kh7 45. Rxg6 fxg6 $19) 41... Rxg2+ 42. Kxg2 b5 43. Rd1 $1 f6 44. Qa7 $1 Qf4 $2 {[%emt 0:00:35] [#]} (44... Re8 $16) 45. Rd7 $1 $18 Qh6 46. Qb8+ Kh7 47. Qf8 Re6 48. Rd8 {[%emt 0:00:22] Prevents c3} Qe3 $2 (48... Kg6 49. Rd5 h4) 49. Qg8+ $2 (49. Ng3 {White threatens Qh8+ and mate.} Re5 50. Qg8+ (50. f4 Qxf4 51. Qg8+ Kg6 $11) 50... Kg6 51. Rd7) 49... Kh6 $2 (49... Kg6) 50. Qxe6 Qe2+ 51. Kg3 Qe1+ 52. Kf4 Qh4+ 53. Ke3 $2 (53. Qg4 g5+ 54. Kf5 hxg4 55. Rh8+ Kg7 56. Rxh4 gxf3 57. Rg4) 53... Qe1+ 54. Kd4 {[%emt 0:00:32] White wants to mate with Rh8+.} (54. Kf4 Qh4+ $18) 54... Qd1+ 55. Kc5 Qxd8 {[%emt 0:00:03] [#]} 56. Kxb5 $2 {[%emt 0:01:03] Active counter play!} (56. Nd6 $1 $18 {[%cal Rd6f7] aiming for Nf7+.} Qf8 57. Kb4 (57. Kxb5 Qb8+ 58. Kc5 c3 $16)) 56... Qd3 $11 {[%emt 0:00:09][%csl LRa3,LRf3] The position is equal.} 57. Qxc4 (57. Nc5 {is more complex.} Qxa3 58. Qe2 c3 59. Qe3+) 57... Qxa3 58. Qxa4 Qxf3 59. Qa8 Qf5+ 60. Kc4 Qe6+ 61. Kd4 f5 62. Qh8+ Kg6 {[%emt 0:00:01] [#]} 63. Qh7+ $1 {[%emt 0:00:17][%mdl 64] Decoy} Kxh7 64. Ng5+ Kg6 65. Nxe6 {[%emt 0:00:03][%mdl 4096] Endgame Threatening mate with Ke5. KN-K3P} Kf6 $132 {[%emt 0:00:03][%mdl 2048] Black is not keeping still} 66. Nf4 h4 67. Nd5+ Ke6 68. Nc7+ Kf6 69. Ke3 g5 70. Kf3 g4+ 71. hxg4 fxg4+ 72. Kxg4 Ke5 {[%emt 0:03:22] Blacks defense is rewarded with a draw.   Weighted Error Value: White=0.29 (precise) /Black=0.23 (precise)} 1/2-1/2

[Event "3rd Sharjah Challengers 2023"]
[Site "Sharjah"]
[Date "2023.05.18"]
[Round "2.7"]
[White "Hesham, Abdelrahman"]
[Black "Eiti, Bashir"]
[Result "1-0"]
[ECO "D80"]
[WhiteElo "2409"]
[BlackElo "2346"]
[Annotator "TA"]
[PlyCount "79"]
[EventDate "2023.05.16"]
[EventType "swiss"]
[EventCountry "UAE"]
[SourceTitle "playchess.com"]
[Source "ChessBase"]
[SourceQuality "1"]
[TimeControl "5400+30"]

1. d4 Nf6 2. c4 g6 3. Nc3 d5 4. h4 c6 5. cxd5 cxd5 6. Bf4 {[%emt 0:00:04] D80: Grünfeld: Unusual White 4th moves and 4 Bg5.} Bg7 7. e3 Nc6 {[%emt 0:01:46] [#]} 8. Rc1 $146 {[%emt 0:00:05] White has an edge.} ({Predecessor:} 8. h5 Nxh5 9. Rxh5 gxh5 10. Qxh5 e5 11. dxe5 Be6 12. Nf3 Qb6 13. O-O-O O-O-O 14. Bb5 {0-1 Ivanisevic,I (2569)-Fedoseev,V (2701) Titled Tuesday intern op 26th Apr Late blitz 2022 (2)}) 8... O-O 9. h5 Nxh5 (9... gxh5 10. Bd3 $14) 10. Rxh5 gxh5 11. Qxh5 e6 12. Bd3 f5 13. g4 (13. Nf3 $5 ) 13... Qb6 (13... e5 $11 {keeps the balance.} 14. dxe5 d4) 14. gxf5 $40 {[%emt 0:11:08][%mdl 128] White has strong attack. White is more active. Black is on the road to losing.} Nb4 {[%emt 0:05:02] [#]} (14... exf5 $16 {is a better defense.} 15. Nxd5 Qa5+ 16. Nc3 Be6) 15. Bb1 $1 $18 {[%emt 0:08:12][%cal Of5f6] And now f6! would win.} exf5 16. Nf3 {[%emt 0:17:19] Threatens to win with a3.} Bd7 17. a3 {[%emt 0:05:32][%mdl 1024] White has strong compensation.} (17. Ng5 $6 h6 18. Nf3 Nc6 $11) 17... Be8 {[%emt 0:13:27] [#]} 18. Qh2 Nc6 19. b4 ({And not} 19. Nxd5 Qxb2 20. Rd1 Bg6 $15) (19. Ng5 Bg6 20. Nxd5 Qxb2 21. Rxc6 Qxb1+ 22. Ke2 Rfe8 23. Rxg6 Qb5+ 24. Kf3 Qxd5+ 25. e4 fxe4+ 26. Kg3 hxg6 $14) 19... Ne7 (19... Qa6 {was worth a try.}) 20. Bd6 Bf6 (20... Nc8) 21. Bxe7 {[%emt 0:03:49][%mdl 64] Remove Defender} Bxe7 22. Nxd5 {[%emt 0:00:08] Excellent horsemanship.} Qd6 23. Nxe7+ ({Less strong is} 23. Rc7 Qxd5 24. Rxe7 Rf7 25. Qg3+ Kh8 26. Rxf7 Bxf7 $11) 23... Qxe7 {[%emt 0:00:05] Black is weak on the dark squares} 24. Rc7 {[%emt 0:00:16][%mdl 64] Skewer} Bd7 25. Ba2+ Kg7 26. Qe5+ Qxe5 27. Rxd7+ Kh6 28. dxe5 b5 29. e6 Kg6 30. Ne5+ Kh6 31. e7 Rfe8 32. Bf7 Rec8 33. Bd5 {[%emt 0:00:25] Intending Rd8 and mate.} Rc1+ 34. Ke2 (34. Kd2 $142 Re8 35. Kxc1) 34... Rc2+ 35. Kf3 Re8 36. Bf7 Rxe7 37. Rxe7 f4 38. Bg8 {[%emt 0:00:44] White mates.} fxe3 39. Kg4 Rc4+ 40. f4 {[%emt 0:00:10] Weighted Error Value: White=0.11 (very precise) /Black=0.38} 1-0

[Event "3rd Sharjah Challengers 2023"]
[Site "Sharjah"]
[Date "2023.05.18"]
[Round "2.8"]
[White "Elgabry, Mohsen"]
[Black "Bai, Adelard"]
[Result "0-1"]
[ECO "A12"]
[WhiteElo "2277"]
[BlackElo "2409"]
[Annotator "TA"]
[PlyCount "278"]
[EventDate "2023.05.16"]
[EventType "swiss"]
[EventCountry "UAE"]
[SourceTitle "playchess.com"]
[Source "ChessBase"]
[SourceQuality "1"]
[TimeControl "5400+30"]

1. Nf3 d5 2. g3 c6 3. Bg2 Bf5 4. b3 e6 5. Bb2 Nf6 6. d3 h6 7. Nbd2 Be7 8. O-O O-O 9. a3 a5 10. c4 Bh7 11. Qc2 Nbd7 12. Rac1 Qb6 13. Rb1 Qa6 14. Rfc1 Rfe8 15. Ra1 Qb6 16. Bd4 c5 17. Bxf6 Bxf6 18. Rab1 Rac8 19. Ne1 Qd6 20. Qd1 Ne5 21. Ndf3 Nc6 22. Nc2 b6 23. Qe1 Nd4 24. Ne3 Nxf3+ 25. Bxf3 Bg5 26. Rd1 d4 27. Nc2 e5 28. e4 dxe3 29. Nxe3 Bxe3 30. Qxe3 Bf5 31. b4 axb4 32. axb4 cxb4 33. Qe1 Qd4 (33... Bxd3 $2 34. Be4 (34. Qxb4 Qxb4 35. Rxb4 e4 $17) 34... Rxc4 35. Bxd3 $18 (35. Rxd3 Rd4 $18)) 34. Rxb4 Red8 (34... Bxd3 $2 35. c5 Qxc5 36. Rxd3 $18) 35. Be2 e4 36. dxe4 Qxe4 37. Bf1 Qf3 38. Qe2 Qc6 39. Bg2 Qf6 40. h3 Rxd1+ 41. Qxd1 Rd8 42. Qc1 Qd4 43. Qb2 $2 (43. h4 $11 {and White has nothing to worry.}) 43... Qd1+ $19 44. Kh2 Rd2 45. Qe5 Rxf2 46. Rb2 {[%emt 0:01:02] [#]} Rxb2 $2 (46... Bc2 $1 $19 {and Black stays clearly on top. ( -> ...Qf3)} 47. Qe8+ Kh7) 47. Qxb2 $17 Qd6 48. Bd5 Be6 49. Bxe6 fxe6 50. Qe2 Kf7 51. h4 Qd4 52. Qf3+ Ke7 53. Qc6 Qd6 ({Better is} 53... g5 $17 54. hxg5 hxg5) 54. Qb7+ $11 Kf8 55. Qa8+ ({White should play} 55. Qc8+ $11 Kf7 56. Qb7+ Kg8 57. Qe4) 55... Kf7 $1 $15 56. Qb7+ Kg8 $1 57. Qa8+ Qf8 $1 58. Qc6 Qf2+ 59. Kh3 Qf1+ 60. Kh2 Qe2+ 61. Kh3 h5 62. Qxb6 Qxc4 63. Qd8+ Kh7 $1 64. Qe8 Qg4+ 65. Kh2 Qf5 66. Qc8 Kg6 67. Kg2 e5 (67... Qe4+ $15 68. Kf2 Kf5) 68. Qe8+ Kh7 69. Qb5 Qe4+ 70. Kf2 Qd4+ 71. Ke2 Qg4+ 72. Kf2 e4 73. Qb3 Qf5+ 74. Kg2 Kg6 75. Qb6+ Qf6 76. Qe3 Qb2+ 77. Kf1 Qe5 78. Kg2 Qd5 79. Kf2 Kh7 80. Ke2 Qf5 81. Qb3 Kg6 82. Qb6+ Kf7 83. Qb7+ Kf6 84. Qb6+ Qe6 85. Qd8+ Kf7 86. Qg5 Qc4+ 87. Kf2 Qc2+ 88. Ke1 Qc3+ 89. Ke2 Qf3+ 90. Kd2 $1 Qf2+ 91. Kd1 Qf3+ 92. Kd2 $1 g6 93. Qd5+ Kg7 94. Qd4+ Kh7 95. Qe3 Qg2+ 96. Kc3 Qa2 97. Kd4 Qa4+ 98. Ke5 Qe8+ 99. Kf4 Qe6 100. Qxe4 Qg4+ 101. Ke3 Qxg3+ 102. Kd2 Qd6+ 103. Ke3 Qc7 104. Kf3 Qd6 105. Kg2 Kg7 106. Qa4 Kf6 107. Kf3 Qd3+ 108. Kf4 Qf1+ 109. Kg3 Qe1+ 110. Kf3 Qc3+ 111. Kf4 Qc5 112. Qa1+ Kf7 113. Qa2+ Kg7 114. Qb2+ $1 Kh7 ({Much weaker is} 114... Kf7 $6 115. Qb7+ Kg8 116. Qb8+ Kh7 117. Qd8 $15) 115. Qb7+ $1 Kh6 116. Qh1 Qf5+ 117. Ke3 Qg4 118. Qh2 Qe6+ 119. Kf3 Qb3+ 120. Ke4 Qc4+ 121. Ke3 Qc5+ 122. Ke4 Qc4+ 123. Ke3 Qe6+ 124. Kf3 Qf5+ 125. Ke3 Qe6+ 126. Kd4 g5 127. hxg5+ Kxg5 128. Qd2+ Kg6 129. Qh2 Qe1 130. Qg2+ Kh6 131. Qe4 Qd2+ 132. Ke5 Qg5+ 133. Kd4 Qd2+ 134. Qd3 Qf4+ 135. Qe4 $2 (135. Kc3 $11) 135... Kg5 136. Kd3 Qxe4+ 137. Kxe4 Kg4 138. Ke3 Kg3 139. Ke2 Kg2 0-1

[Event "3rd Sharjah Challengers 2023"]
[Site "Sharjah"]
[Date "2023.05.18"]
[Round "2.9"]
[White "Sibashvili, Giorgi"]
[Black "Liyanage, Ranindu Dilshan"]
[Result "1/2-1/2"]
[ECO "A01"]
[WhiteElo "2408"]
[BlackElo "2342"]
[Annotator "TA"]
[PlyCount "87"]
[EventDate "2023.05.16"]
[EventType "swiss"]
[EventCountry "UAE"]
[SourceTitle "playchess.com"]
[Source "ChessBase"]
[SourceQuality "1"]
[TimeControl "5400+30"]

1. b3 e5 2. Bb2 Nc6 3. c4 Nf6 4. e3 d5 5. cxd5 Nxd5 6. a3 Bd6 7. d3 {[%emt 0:01:39] now supersedes 7.Qc2. A01: Nimzowitsch-Larsen Opening.} O-O 8. Nf3 Qe7 9. Nbd2 {[%emt 0:01:59] 9.Be2 is not played anymore.} a5 {[%emt 0:04:16] [#]} (9... f5 $5 ) 10. g3 $146 ({Predecessor:} 10. Be2 Bg4 11. Qc2 Kh8 12. h3 Bh5 13. g4 Bg6 14. h4 h6 15. h5 Bh7 16. Rg1 {½-½ Artemiev,V (2731)-Le,Q (2713) Bucharest Superbet blitz 2019 (14)}) 10... f5 11. Nc4 Nf6 12. Bg2 e4 13. dxe4 fxe4 14. Nfd2 Ne5 {[%emt 0:08:51] aiming for ...Nd3+.} 15. Nxe4 (15. O-O $14) 15... Bg4 (15... Nxe4 {keeps more tension.} 16. Qd5+ Be6 17. Qxe4 Qf7) 16. Qc2 Nxe4 17. Bxe4 Nf3+ 18. Bxf3 Bxf3 19. O-O Qf7 20. Rfe1 Qh5 21. Nd2 Bc6 $40 {[%emt 0:02:03][%cal Of8f2][%mdl 128] Black attacks.} 22. Qc3 {[%emt 0:05:21][%csl Gb2][%cal Rc3g7] Chess con chili.} Rf6 (22... Qf7 23. f4 $16) (22... Rf7 $11) 23. Qc4+ $2 (23. e4 $14 {keeps the upper hand.}) 23... Bd5 $17 {[%emt 0:00:52][%cal Oh5h2] ( -> ...Qxh2+!)} 24. Qh4 Qxh4 25. gxh4 {[%emt 0:00:01] [#] White is weak on the light squares} Bxh2+ $1 {[%emt 0:01:49][%mdl 576] Decoy. A strong pair of Bishops.} 26. Kf1 Rh6 27. Ke2 Rxh4 28. f4 Rd8 {[%emt 0:06:15] Strongly threatening ...Bg3.} (28... Bg3 29. Rg1 Rh2+ 30. Kd3 $15) 29. Rac1 Bg3 30. Rg1 Rh2+ 31. Kd3 Bf7+ (31... Bxb3+ 32. Bd4 Rxd2+ 33. Kxd2 Rxd4+ 34. Kc3 $14) ({Black should try} 31... Bc6+ $17 32. Bd4 Rh3) 32. Bd4 $15 Bg6+ 33. Ne4 $1 {[%emt 0:01:18] [#]} Bxf4 34. Rxg6 $11 {[%emt 0:01:18] The position is equal.} hxg6 35. exf4 Rh3+ (35... b5 $2 36. Ng5 Rc8 37. Rc6 $18) 36. Kc4 b5+ 37. Kc5 $1 Rxb3 38. Rg1 Rxa3 {[%emt 0:01:08] Threatens to win with ...Ra4.} 39. Rxg6 Ra4 40. Rxg7+ Kf8 41. Ng5 $1 {[%emt 0:00:14] And now Ne6+ would win.} Rc4+ $1 (41... Rdxd4 42. Ne6+ (42. Rxc7 $2 Rd1 $19) 42... Ke8 43. Nxc7+ Kd8 44. Ne6+ (44. Nxb5 $2 Rxf4 45. Kd6 Rf6+ 46. Kd5 Rb4 $19) 44... Kc8 45. Nxd4 $18) 42. Kxb5 {[%emt 0:00:07] White wants to mate with Nh7+.} Rdxd4 (42... Rb4+ $2 43. Kc5 (43. Kxa5 Rdxd4 44. Ne6+ Ke8 $11) 43... Rd6 44. Be5 $18 (44. Rxc7 Rbxd4 $11)) (42... Rcxd4 $5 43. Ne6+ $8 Ke8 44. Nxd4 (44. Nxc7+ Kf8 $11) 44... Rxd4 $11) 43. Ne6+ Ke8 {[%emt 0:00:04] ...c6+ would be deadly.} 44. Nxd4 {[%emt 0:00:14] Whites escaped into a draw.   Weighted Error Value: White=0.15 (very precise) /Black=0.14 (very precise)} 1/2-1/2